PAAA
BLOOMINGTON LONGNECKS @ AUGUSTA TIMBER HAWKS
06/15/2023
 
TOP OF THE 1ST
Bloomington Longnecks batting - Pitching for Augusta Timber Hawks : LHP Jeff Burrell
Pitching: LHP Jeff Burrell
Batting: RHB Kyle Bridges 0-0: Called Strike
0-1: Ball
1-1: Foul Ball, location: 2F
1-2: Ball
2-2: Ball
3-2: SINGLE (Groundball, 56D)
Batting: RHB Jim Unknown 0-0: Called Strike
0-1: Foul Ball, location: 2F
0-2: Ball
1-2: SINGLE (Groundball, 6D)
Kyle Bridges to second
Batting: RHB Sergio Cortéz 0-0: Swinging Strike
0-1: Swinging Strike
0-2: Strikes out swinging
Batting: RHB Micheal Murdoch 0-0: Foul Ball, location: 2F
0-1: Ball
1-1: Swinging Strike
1-2: Grounds into double play, 4-6-3 (Groundball, 4M)
Top of the 1st over - 0 run(s), 2 hit(s), 0 error(s), 1 left on base; Bloomington 0 - Augusta 0
BOTTOM OF THE 1ST
Augusta Timber Hawks batting - Pitching for Bloomington Longnecks : RHP Howard Allen
Pitching: RHP Howard Allen
Batting: RHB Enrique Pimentel 0-0: Ball
1-0: Called Strike
1-1: Ball
2-1: Ball
3-1: Base on Balls
Batting: RHB Hiwahikeiki Noelani 0-0: Fly out, F8 (Line Drive, 8LS)
Batting: LHB Juan Rodríguez 0-0: Ball
1-0: SINGLE (Line Drive, 56D)
Enrique Pimentel to second
Batting: RHB Steve Hinkle 0-0: Ball
1-0: Called Strike
1-1: Foul Ball, location: 2F
1-2: Strikes out swinging
Batting: LHB Emílio Barbán 0-0: Ball
1-0: Foul Ball, location: 2F
1-1: Foul Ball, location: 2F
1-2: Ball
2-2: Foul Ball, location: 2F
2-2: Foul Ball, location: 2F
2-2: Fly out, F7 (Flyball, 7S)
Bottom of the 1st over - 0 run(s), 1 hit(s), 0 error(s), 2 left on base; Bloomington 0 - Augusta 0
TOP OF THE 2ND
Bloomington Longnecks batting - Pitching for Augusta Timber Hawks : LHP Jeff Burrell
Batting: RHB Luis Mendoza 0-0: Called Strike
0-1: Fly out, F7 (Flyball, 7M)
Batting: LHB Ray Anderson 0-0: Swinging Strike
0-1: TRIPLE (Line Drive, 89S)
Batting: RHB Nick Simmons 0-0: Ball
1-0: Ball
2-0: Foul Ball, location: 2F
2-1: Ball
3-1: Base on Balls
Batting: RHB Aurelio Vázquez 0-0: Ball
1-0: Grounds into double play, 6-4-3 (Groundball, 6M)
Top of the 2nd over - 0 run(s), 1 hit(s), 0 error(s), 1 left on base; Bloomington 0 - Augusta 0
BOTTOM OF THE 2ND
Augusta Timber Hawks batting - Pitching for Bloomington Longnecks : RHP Howard Allen
Batting: RHB Rob Warner 0-0: Called Strike
0-1: Ground out 4-3 (Groundball, 4M)
Batting: RHB Claudio Mendoza 0-0: Called Strike
0-1: Ball
1-1: Swinging Strike
1-2: Foul Ball, location: 2F
1-2: Foul Ball, location: 2F
1-2: Strikes out swinging
Batting: RHB Ralph McKnight 0-0: Called Strike
0-1: Ball
1-1: Foul Ball, location: 2F
1-2: Fly out, F4 (Popup, 4D)
Bottom of the 2nd over - 0 run(s), 0 hit(s), 0 error(s), 0 left on base; Bloomington 0 - Augusta 0
TOP OF THE 3RD
Bloomington Longnecks batting - Pitching for Augusta Timber Hawks : LHP Jeff Burrell
Batting: SHB Jim Unknown 0-0: Foul Ball, location: 2F
0-1: Foul Ball, location: 2F
0-2: Ball
1-2: Ball
2-2: Ball
3-2: Strikes out swinging
Batting: RHB Kyle Bridges 0-0: Ball
1-0: Foul Ball, location: 2F
1-1: Called Strike
1-2: Foul Ball, location: 2F
1-2: Ball
2-2: Fly out, F4 (Popup, 34)
Batting: RHB Jim Unknown 0-0: Ball
1-0: Foul Ball, location: 2F
1-1: SINGLE (Line Drive, 6D)
Batting: RHB Sergio Cortéz 0-0: Ball
1-0: Fielders Choice at 2nd, U6 (Groundball, 6M)
Top of the 3rd over - 0 run(s), 1 hit(s), 0 error(s), 1 left on base; Bloomington 0 - Augusta 0
BOTTOM OF THE 3RD
Augusta Timber Hawks batting - Pitching for Bloomington Longnecks : RHP Howard Allen
Batting: RHB Oscar Lewis 0-0: Ball
1-0: Foul Ball, location: 2F
1-1: Swinging Strike
1-2: Strikes out swinging
Batting: RHB Enrique Pimentel 0-0: Swinging Strike
0-1: Ball
1-1: Ball
2-1: Ball
3-1: Swinging Strike
3-2: Fly out, F4 (Popup, 34)
Batting: RHB Hiwahikeiki Noelani 0-0: Ball
1-0: Ball
2-0: Ground out U3 (Groundball, 3)
Bottom of the 3rd over - 0 run(s), 0 hit(s), 0 error(s), 0 left on base; Bloomington 0 - Augusta 0
TOP OF THE 4TH
Bloomington Longnecks batting - Pitching for Augusta Timber Hawks : LHP Jeff Burrell
Batting: RHB Micheal Murdoch 0-0: Foul Ball, location: 2F
0-1: Ball
1-1: Ground out 5-3 (Groundball, 56S)
Batting: RHB Luis Mendoza 0-0: Foul Ball, location: 2F
0-1: Ball
1-1: Swinging Strike
1-2: SINGLE (Line Drive, 56)
Batting: LHB Ray Anderson 0-0: Foul Ball, location: 2F
0-1: Fly out, F3 (Popup, 23)
Batting: RHB Nick Simmons 0-0: Ground out 6-3 (Groundball, 6)
Top of the 4th over - 0 run(s), 1 hit(s), 0 error(s), 1 left on base; Bloomington 0 - Augusta 0
BOTTOM OF THE 4TH
Augusta Timber Hawks batting - Pitching for Bloomington Longnecks : RHP Howard Allen
Batting: LHB Juan Rodríguez 0-0: Called Strike
0-1: Ball
1-1: Ball
2-1: Foul Ball, location: 2F
2-2: Ball
3-2: Ground out 4-3 (Groundball, 4)
Batting: RHB Steve Hinkle 0-0: Ground out 5-3 (Groundball, 5L)
Batting: LHB Emílio Barbán 0-0: Ball
1-0: Fly out, F3 (Line Drive, 3L)
Bottom of the 4th over - 0 run(s), 0 hit(s), 0 error(s), 0 left on base; Bloomington 0 - Augusta 0
TOP OF THE 5TH
Bloomington Longnecks batting - Pitching for Augusta Timber Hawks : LHP Jeff Burrell
Batting: RHB Aurelio Vázquez 0-0: Called Strike
0-1: Ball
1-1: Ball
2-1: Ball
3-1: Foul Ball, location: 2F
3-2: Strikes out swinging
Batting: SHB Jim Unknown 0-0: Ball
1-0: Called Strike
1-1: Foul Ball, location: 2F
1-2: DOUBLE (Line Drive, 5D)
Batting: RHB Kyle Bridges 0-0: Ball
1-0: Ball
2-0: Ball
3-0: Foul Ball, location: 2F
3-1: Base on Balls
Batting: RHB Jim Unknown 0-0: Ball
1-0: Called Strike
1-1: Ball
2-1: Ball
3-1: SINGLE (Line Drive, 4D)
Jim Unknown to third
Kyle Bridges to second
Batting: RHB Sergio Cortéz 0-0: Ball
1-0: Called Strike
1-1: Called Strike
1-2: Ball
2-2: Fly out, F9 (Line Drive, 89S)
Batting: RHB Micheal Murdoch 0-0: Foul Ball, location: 2F
0-1: Ball
1-1: Fielders Choice at 2nd, 6-4 (Groundball, 6)
Top of the 5th over - 0 run(s), 2 hit(s), 0 error(s), 2 left on base; Bloomington 0 - Augusta 0
BOTTOM OF THE 5TH
Augusta Timber Hawks batting - Pitching for Bloomington Longnecks : RHP Howard Allen
Pitching: RHP Graham Wilson
Batting: RHB Rob Warner 0-0: Fly out, F8 (Flyball, 8LXD)
Batting: RHB Claudio Mendoza 0-0: Ball
1-0: Foul Ball, location: 2F
1-1: Ball
2-1: Foul Ball, location: 2F
2-2: Fly out, F7 (Flyball, 7D)
Batting: RHB Ralph McKnight 0-0: Ball
1-0: Ball
2-0: Ball
3-0: Base on Balls
Batting: RHB Oscar Lewis 0-0: Ball
1-0: Ball
Ralph McKnight steals 2nd base
2-0: Ball
3-0: Called Strike
3-1: DOUBLE (Flyball, 89D)
Ralph McKnight scores
Batting: RHB Enrique Pimentel 0-0: Called Strike
0-1: Ball
1-1: Swinging Strike
1-2: Foul Ball, location: 2F
1-2: Ball
2-2: Ball
3-2: Base on Balls
Batting: RHB Hiwahikeiki Noelani 0-0: Fly out, F9 (Flyball, 8RM)
Bottom of the 5th over - 1 run(s), 1 hit(s), 0 error(s), 2 left on base; Bloomington 0 - Augusta 1
TOP OF THE 6TH
Bloomington Longnecks batting - Pitching for Augusta Timber Hawks : LHP Jeff Burrell
Batting: RHB Luis Mendoza 0-0: SINGLE (Line Drive, 4D)
Batting: LHB Ray Anderson 0-0: Ball
1-0: Called Strike
1-1: Called Strike
1-2: Ball
2-2: Foul Ball, location: 2F
2-2: Strikes out swinging
Batting: RHB Nick Simmons 0-0: Called Strike
0-1: Ball
1-1: Called Strike
1-2: Ground out 5-3 (Groundball, 5S)
Luis Mendoza to second
Batting: RHB Aurelio Vázquez 0-0: Ball
1-0: Called Strike
1-1: Fly out, F8 (Flyball, 8LS)
Top of the 6th over - 0 run(s), 1 hit(s), 0 error(s), 1 left on base; Bloomington 0 - Augusta 1
BOTTOM OF THE 6TH
Augusta Timber Hawks batting - Pitching for Bloomington Longnecks : RHP Graham Wilson
Batting: LHB Juan Rodríguez 0-0: Ball
1-0: Ball
2-0: Called Strike
2-1: Swinging Strike
2-2: Ground out 5-3 (Groundball, 56)
Batting: RHB Steve Hinkle 0-0: Ball
1-0: Called Strike
1-1: DOUBLE (Popup, 3D)
Batting: LHB Emílio Barbán 0-0: Ball
1-0: Ball
2-0: Ball
3-0: Base on Balls
Batting: RHB Rob Warner 0-0: Ball
1-0: Ball
2-0: Ball
3-0: Called Strike
3-1: Called Strike
3-2: Strikes out swinging
Emílio Barbán is caught stealing 2nd base
Batter strikes out.
Bottom of the 6th over - 0 run(s), 1 hit(s), 0 error(s), 1 left on base; Bloomington 0 - Augusta 1
TOP OF THE 7TH
Bloomington Longnecks batting - Pitching for Augusta Timber Hawks : LHP Jeff Burrell
Batting: SHB Jim Unknown 0-0: Ball
1-0: DOUBLE (Line Drive, 7LS)
Batting: RHB Kyle Bridges 0-0: Ball
1-0: Sac Bunt - play at third, runner OUT! 3-5
Pitching: LHP Keith Hall
Batting: RHB Jim Unknown 0-0: Swinging Strike
0-1: Called Strike
0-2: Strikes out swinging
Batting: RHB Sergio Cortéz 0-0: Ground out 1-3 (Groundball, 23)
Top of the 7th over - 0 run(s), 1 hit(s), 0 error(s), 1 left on base; Bloomington 0 - Augusta 1
BOTTOM OF THE 7TH
Augusta Timber Hawks batting - Pitching for Bloomington Longnecks : RHP Graham Wilson
Batting: RHB Claudio Mendoza 0-0: Called Strike
0-1: Ball
1-1: Called Strike
1-2: Strikes out swinging
Batting: RHB Ralph McKnight 0-0: Called Strike
0-1: Foul Ball, location: 2F
0-2: Reached on error, E4 (Groundball, 4)
Batting: RHB Oscar Lewis 0-0: Ball
Pickoff Throw to First - Error! E1
Ralph McKnight to second
1-0: Called Strike
1-1: Ball
2-1: Called Strike
2-2: Foul Ball, location: 2F
2-2: Fly out, F9 (Flyball, 9S)
Batting: RHB Enrique Pimentel 0-0: Foul Ball, location: 2F
0-1: Swinging Strike
0-2: Strikes out swinging
Bottom of the 7th over - 0 run(s), 0 hit(s), 2 error(s), 1 left on base; Bloomington 0 - Augusta 1
TOP OF THE 8TH
Bloomington Longnecks batting - Pitching for Augusta Timber Hawks : LHP Keith Hall
Pitching: RHP Tom Sosa
Batting: RHB Micheal Murdoch 0-0: Called Strike
0-1: Ball
1-1: Ground out 6-3 (Groundball, 6M)
Batting: RHB Luis Mendoza 0-0: Called Strike
0-1: Foul Ball, location: 2F
0-2: Reached on error, E5 (Groundball, 5)
Pitching: LHP Roberto Bruno
Pinch Hitting: RHB Jim Unknown 0-0: Called Strike
0-1: Ball
1-1: Ball
2-1: Swinging Strike
2-2: Strikes out swinging
Pitching: RHP António Vega
Batting: RHB Nick Simmons 0-0: Ball
1-0: Ball
2-0: SINGLE (Line Drive, 8LS)
Luis Mendoza to second
Runner from 2nd tries for 3rd, SAFE, throw made to third
Batting: RHB Aurelio Vázquez 0-0: SINGLE (Line Drive, 8LS)
Luis Mendoza scores
Nick Simmons to second
Batting: SHB Jim Unknown 0-0: Ball
1-0: Ground out 1-3 (Groundball, 15)
Top of the 8th over - 1 run(s), 2 hit(s), 1 error(s), 2 left on base; Bloomington 1 - Augusta 1
BOTTOM OF THE 8TH
Augusta Timber Hawks batting - Pitching for Bloomington Longnecks : RHP Graham Wilson
Now at SS: Jim Unknown
Batting: RHB Hiwahikeiki Noelani 0-0: Ball
1-0: SINGLE (Groundball, 4MD)
Batting: LHB Juan Rodríguez 0-0: Foul Ball, location: 2F
0-1: Swinging Strike
0-2: Strikes out swinging
Batting: RHB Steve Hinkle 0-0: Called Strike
0-1: Ball
1-1: SINGLE (Groundball, 56D)
Hiwahikeiki Noelani to second
Batting: LHB Emílio Barbán 0-0: Ball
1-0: Called Strike
1-1: Fielders Choice at 2nd, 3-6 (Groundball, 3)
Hiwahikeiki Noelani to third
Batting: RHB Rob Warner 0-0: Ground out 4-3 (Groundball, 13)
Bottom of the 8th over - 0 run(s), 2 hit(s), 0 error(s), 2 left on base; Bloomington 1 - Augusta 1
TOP OF THE 9TH
Bloomington Longnecks batting - Pitching for Augusta Timber Hawks : RHP António Vega
Pitching: RHP Francisco García
Batting: RHB Kyle Bridges 0-0: Called Strike
0-1: Foul Ball, location: 2F
0-2: SINGLE (Groundball, 56D)
Batting: RHB Jim Unknown 0-0: Bunt missed!
0-1: Ball
1-1: Ball
2-1: Sac Bunt - play at first, batter OUT! 4-3
Kyle Bridges to second
Pinch Hitting: LHB Fernando González 0-0: Called Strike
0-1: Ball
1-1: Ball
2-1: Foul Ball, location: 2F
2-2: Ball
3-2: Fly out, F7 (Flyball, 7D)
Runner from 2nd tags up, SAFE at 3rd, no throw
Batting: RHB Micheal Murdoch 0-0: Ball
1-0: SINGLE (Line Drive, 8RS)
Kyle Bridges scores
Batting: RHB Luis Mendoza 0-0: Called Strike
0-1: Fly out, F5 (Line Drive, 5)
Top of the 9th over - 1 run(s), 2 hit(s), 0 error(s), 1 left on base; Bloomington 2 - Augusta 1
BOTTOM OF THE 9TH
Augusta Timber Hawks batting - Pitching for Bloomington Longnecks : RHP Graham Wilson
Pitching: LHP Ron O'Slattery
Now in CF: Steve Ladner
Batting: RHB Claudio Mendoza 0-0: Ball
1-0: Foul Ball, location: 2F
1-1: Fly out, F9 (Flyball, 9LMF)
Pinch Hitting: RHB Bob Sargent 0-0: Called Strike
0-1: Foul Ball, location: 2F
0-2: Ball
1-2: Ball
2-2: Ball
3-2: Foul Ball, location: 2F
3-2: Fly out, F6 (Popup, 6)
Batting: RHB Oscar Lewis 0-0: Ball
1-0: Ball
2-0: Ground out 5-3 (Groundball, 5L)
Bottom of the 9th over - 0 run(s), 0 hit(s), 0 error(s), 0 left on base; Bloomington 2 - Augusta 1
This league is powered by Out of the Park Baseball, the baseball management simulation game for PC, Mac and Linux
Friday, July 8th, 2016 - OOTP Baseball 16.9 Build 39